 Dungeon Crawl Stone Soup version 0.26-a0-812-g31a745ddcd (webtiles) character file.

Game seed: 1583243261365254251

124 GarethBryne the Poker (level 4, 0/34 HPs)
             Began as a Demonspawn Gladiator on Nov 14, 2020.
             Slain by a bullfrog zombie (3 damage)
             ... on level 3 of the Dungeon.
             The game lasted 00:05:00 (2174 turns).

GarethBryne the Poker (Demonspawn Gladiator)        Turns: 2174, Time: 00:05:01

Health: 0/34       AC:  4    Str: 16    XL:     4   Next: 81%
Magic:  4/4        EV: 13    Int:  9    God:
Gold:   160        SH:  0    Dex: 14    Spells: 3/3 levels left

rFire    . . .     SeeInvis .   a - +0 trident
rCold    . . .     Faith    .   (no shield)
rNeg     . . .     Spirit   .   b - +0 leather armour
rPois    .         Reflect  .   c - +0 helmet
rElec    .         Harm     .   (no cloak)
rCorr    .         Rampage  .   (no gloves)
MR       .....                  (no boots)
Stlth    +.........             (no amulet)
HPRegen  0.11/turn              (no ring)
MPRegen  0.09/turn              (no ring)

@: no status effects
A: claws 2, hooves 1
a: no special abilities


You were on level 3 of the Dungeon.
You visited 1 branch of the dungeon, and saw 3 of its levels.

You collected 160 gold pieces.

Inventory:

Hand Weapons
 a - a +0 trident (weapon)
Missiles
 d - 3 throwing nets (quivered)
Armour
 b - a +0 leather armour (worn)
 c - a +0 helmet (worn)
Wands
 q - a wand of random effects (11)
Scrolls
 e - 5 scrolls of identify {unknown}
 f - a scroll of teleportation {unknown}
 h - 4 scrolls of remove curse {unknown}
 j - 3 scrolls of blinking {unknown}
 k - a scroll of immolation {unknown}
 r - 2 scrolls of amnesia {unknown}
 t - a scroll of enchant weapon {unknown}
Potions
 g - a potion of lignification {unknown}
 i - a potion of mutation {unknown}
 l - 2 potions of heal wounds {unknown}
 m - a potion of invisibility {unknown}
 n - a potion of curing {unknown}
 o - 4 potions of brilliance {unknown}
 p - 2 potions of degeneration {unknown}
 s - a potion of might {unknown}
 u - a potion of flight {unknown}


   Skills:
 * Level 2.5 Fighting
 * Level 4.2 Polearms
 + Level 1.8 Throwing
 + Level 1.1 Armour
 + Level 3.2 Dodging


You had 3 spell levels left.
You didn't know any spells.
Your spell library was empty.

Dungeon Overview and Level Annotations

Branches:
Dungeon (3/15)

Altars:
Elyvilon


Innate Abilities, Weirdness & Mutations

You have very sharp fingernails.
You have large cloven feet.


Message History

You barely miss the bullfrog zombie. You kick the bullfrog zombie.
The bullfrog zombie is heavily damaged.
The bullfrog zombie misses you. The bullfrog zombie barely misses you.
You closely miss the bullfrog zombie. You kick the bullfrog zombie.
The bullfrog zombie is heavily damaged.
The bullfrog zombie hits you.
You are too injured to fight recklessly!
You are too injured to fight recklessly!
You are too injured to fight recklessly!
You are too injured to fight recklessly!
You hit the bullfrog zombie.
The bullfrog zombie is heavily damaged.
The bullfrog zombie hits you.
* * * LOW HITPOINT WARNING * * *
The bullfrog zombie hits you.
* * * LOW HITPOINT WARNING * * *
You puncture the bullfrog zombie!
The bullfrog zombie is severely damaged.
The bullfrog zombie hits you.
You die...

.. ..##..... ...
#.......
...###......
...........
.......... .........
.......Z# ..
.......@#######..#.
........>.........
#.....##†#.......# #
#.....##'#.#####.#..
#.........).<.......
#...................
....................
...........#.......#
....#..............


You could see a bullfrog zombie.

Vanquished Creatures
  4 adders
  2 oozes
  A worm (D:2)
  3 dart slugs (D:1)
  5 leopard geckos
  4 orcs
  A ball python (D:2)
  2 giant cockroaches
  8 goblins
  8 hobgoblins
  9 bats
  4 frilled lizards (D:1)
  4 kobolds
  8 rats
63 creatures vanquished.

Notes
Turn   | Place    | Note
-------+----------+-------------------------------------------
     0 | D:1      | GarethBryne the Demonspawn Gladiator began the quest for
                  | the Orb.
     0 | D:1      | Reached XP level 1. HP: 16/16 MP: 1/1
   112 | D:1      | Reached skill level 3 in Polearms
   120 | D:1      | Gained mutation: You have large cloven feet. [demonic
                  | ancestry]
   120 | D:1      | Reached XP level 2. HP: 5/22 MP: 2/2
   641 | D:1      | Gained mutation: You have sharp fingernails. [demonic
                  | ancestry]
   641 | D:1      | Reached XP level 3. HP: 23/27 MP: 3/3
  1162 | D:2      | Found a white marble altar of Elyvilon.
  1339 | D:2      | Gained mutation: You have very sharp fingernails. [demonic
                  | ancestry]
  1339 | D:2      | Reached XP level 4. HP: 28/34 MP: 4/4
  1412 | D:2      | Reached skill level 4 in Polearms
  1589 | D:2      | Reached skill level 1 in Armour
  2174 | D:3      | Slain by a bullfrog zombie

Illustrated notes

Levels and vault maps discovered:
D:1:      minmay_arrival_five_plusses, layout_basic, minmay_unequal
D:2:      layout_loops_ring, elyvilon_altar_4, kennysheep_generic_room_2
D:3:      layout_basic, chequers_ecumenical_altar_simple_redux,
          hellmonk_ghost_happy_afterlife

Skill      XL: |  1  2  3  4 |
---------------+-------------+-----
Polearms       | 3 4 |  4.2
Dodging        | 3 |  3.2
Armour         | 1 |  1.1
Fighting       | |  2.5
Throwing       | |  1.8

Action                   |  1- 3 |  4- 6 || total
-------------------------+-------+-------++-------
Melee: Trident           |   115 |    59 ||   174
       Kick              |    20 |    15 ||    35
Armor: Leather armour    |    24 |     8 ||    32
Dodge: Dodged            |    60 |    30 ||    90

Table legend: (Time is in decaauts)
 A = Elapsed time spent in this place.
 B = Non-inter-level travel time spent in this place.
 C = Inter-level travel time spent in this place.
 D = Time resting spent in this place.
 E = Time spent auto-exploring this place.
 F = Levels seen in this place.
 G = Mean time per level.
                   A        B        C        D        E       F      G
               +--------+--------+--------+--------+--------+-----+--------+
         Total |   2194 |   2139 |     55 |    302 |   1499 |   3 |  731.3 |
       Dungeon |   2194 |   2139 |     55 |    302 |   1499 |   3 |  731.3 |
               +--------+--------+--------+--------+--------+-----+--------+

Top non-repeatable levels by time:
     D:1: 1092 daAuts
     D:2: 851 daAuts
     D:3: 250 daAuts
